 Dungeon Crawl Stone Soup version 0.29.1-15-g9cfb28693d (webtiles) character file.

Game seed: 8442494700832499233

296 Hugehornet the Shield-Bearer (level 6, -1/58 HPs)
             Began as a Gnoll Fighter on Mar 23, 2023.
             Slain by an orc priest
             ... wielding a +0 hand axe
              (7 damage)
             ... on level 4 of the Dungeon.
             The game lasted 00:05:29 (3615 turns).

Hugehornet the Shield-Bearer (Gnoll Fighter)        Turns: 3615, Time: 00:05:30

Health: -1/58      AC: 11    Str: 16    XL:     6   Next: 34%
Magic:  9/9        EV:  9    Int:  9    God:
Gold:   109        SH:  5    Dex: 11    Spells: 9/9 levels left

rFire   + . .      SeeInvis .   a - +0 war axe
rCold   . . .      Faith    .   c - +0 buckler
rNeg    . . .      Spirit   .   b - +0 scale mail
rPois   +          Reflect  .   (no helmet)
rElec   .          Harm     .   v - +0 cloak
rCorr   .          Rampage  .   q - +0 pair of gloves
Will    .....                   j - +0 pair of boots
Stlth   ..........              (no amulet)
HPRegen 0.19/turn               h - ring of protection from fire
MPRegen 0.11/turn               m - ring of poison resistance

@: no status effects
A: fangs 1, strong nose, distributed training, robust 1
a: no special abilities


You were on level 4 of the Dungeon.
You visited 1 branch of the dungeon, and saw 4 of its levels.

You collected 109 gold pieces.

Inventory:

Hand Weapons
 a - a +0 war axe (weapon)
 x - a +0 flail
 A - a +0 dagger of holy wrath
Armour
 b - a +0 scale mail (worn)
 c - a +0 buckler (worn)
 f - a scarf of invisibility
 j - a +0 pair of boots (worn)
 q - a +0 pair of gloves (worn)
 v - a +0 cloak (worn)
Magical Staves
 y - a staff of death
Jewellery
 h - a ring of protection from fire (left hand)
 m - a ring of poison resistance (right hand)
Wands
 z - a wand of acid (2)
Scrolls
 e - 2 scrolls of teleportation {unknown}
 g - a scroll of immolation {unknown}
 k - 3 scrolls of butterflies {unknown}
 l - a scroll of identify {unknown}
 o - a scroll of poison {unknown}
 r - a scroll of vulnerability {unknown}
 u - a scroll of blinking {unknown}
Potions
 i - a potion of lignification
 p - a potion of experience {unknown}
 s - a potion of brilliance {unknown}
 t - a potion of magic {unknown}
 w - a potion of mutation


   Skills:
 + Level 6.8 Fighting
 + Level 2.0 Short Blades
 + Level 2.0 Long Blades
 + Level 5.0 Axes
 + Level 2.0 Maces & Flails
 + Level 2.0 Polearms
 + Level 2.0 Staves
 + Level 2.0 Ranged Weapons
 + Level 2.0 Throwing
 + Level 6.8 Armour
 + Level 2.0 Dodging
 + Level 2.0 Stealth
 + Level 6.8 Shields
 + Level 2.0 Unarmed Combat
 + Level 2.0 Spellcasting
 + Level 1.5 Conjurations
 + Level 1.5 Hexes
 + Level 1.5 Summonings
 + Level 1.5 Necromancy
 + Level 1.5 Translocations
 + Level 1.5 Transmutations
 + Level 1.5 Fire Magic
 + Level 1.5 Ice Magic
 + Level 1.5 Air Magic
 + Level 1.5 Earth Magic
 + Level 1.5 Poison Magic
 + Level 2.2 Invocations
 + Level 2.0 Evocations


You had 9 spell levels left.
You didn't know any spells.
Your spell library contained the following spells:

 Spells                   Type           Power      Damage    Failure   Level
 Magic Dart               Conj           12%        1d3       56%         1
 Searing Ray              Conj           6%         2d4       71%         2
 Confusing Touch          Hex            3%         N/A       90%         3
 Fulminant Prism          Conj/Hex       1%         3d6       100%        4
 Fireball                 Conj/Fire      1%         3d3       100%        5
 Iskenderun's Battlesphe  Conj           3%         2d6       100%        5
 Yara's Violent Unravell  Hex/Tmut       1%         3d3       100%        5
 Conjure Ball Lightning   Conj/Air       1%         3x3d6     100%        6
 Enfeeble                 Hex            1%         N/A       100%        7
 Orb of Destruction       Conj           1%         9d5       100%        7


Dungeon Overview and Level Annotations

Branches:
Dungeon (4/15)
 Temple: D:4-7

Altars:
Trog

Shops:
D:3 [=


Innate Abilities, Weirdness & Mutations

You have very sharp teeth.
Your uncanny sense of smell can sniff out nearby items.
Your experience applies equally to all skills.
You are robust. (+10% HP)


Message History

The puff of flame hits you. You resist. The orc priest barely misses you.
You bump into the rock wall.
Something hits you but does no damage.
The orc priest mumbles some strange prayers to Beogh against you.
Beogh smites you! The orc priest barely misses you.
You bump into the rock wall.
The orc priest hits you but does no damage.
You hear some strange, mumbled words.
A puff of flame appears from out of thin air!
The puff of flame hits you. You resist.
* * * LOW HITPOINT WARNING * * *
The orc priest barely misses you.
You bump into the rock wall.
The orc priest hits you with a +0 hand axe.
* * * LOW HITPOINT WARNING * * *
Something hits you.
* * * LOW HITPOINT WARNING * * *
It was a potion of mutation.
You feel extremely strange.
You feel robust. Something hits you but does no damage.
The orc priest hits you but does no damage.
It was a potion of lignification.
You turn into a tree.
Your +0 cloak melds into your body.
Your +0 pair of gloves melds into your body.
Your +0 pair of boots melds into your body.
Your +0 scale mail melds into your body.
Your roots penetrate the ground.
Something hits you but does no damage.
The orc priest hits you but does no damage.
It was a potion of cancellation.
Your magical effects are unravelling.
You feel magically purged.
You feel less wooden.
Your +0 cloak unmelds from your body.
Your +0 pair of gloves unmelds from your body.
Your +0 pair of boots unmelds from your body.
Your +0 scale mail unmelds from your body.
You feel less confused. Something hits you but does no damage.
The orc priest hits you with a +0 hand axe!
You die...

................
................
.............?.
...........oo.. #######
#...# ......# #.†.#
......########...#
.............#...#
.............#.{@#
.............##o###
........†........)#
..........(......<# ∆
......#######.....########
......# #............#
####### #............#
######.......# #...)...#


You could see an orc priest.

Vanquished Creatures
  A black bear (D:4)
  A scorpion (D:4)
  An iguana (D:3)
  Ijyb (D:3)
  3 gnolls (D:3)
  An adder (D:3)
  A dart slug (D:1)
  4 orcs
  6 ball pythons
  5 endoplasms
  10 goblins
  4 hobgoblins
  4 jackals (D:2)
  2 quokkas
  4 bats
  5 frilled lizards
  5 kobolds
  2 rats
60 creatures vanquished.

Notes
Turn   | Place    | Note
-------+----------+-------------------------------------------
     0 | D:1      | Hugehornet the Gnoll Fighter began the quest for the Orb.
     0 | D:1      | Reached XP level 1. HP: 23/23 MP: 1/1
   158 | D:1      | Reached XP level 2. HP: 29/29 MP: 2/2
   677 | D:1      | Found a faded altar of an unknown god.
   849 | D:2      | Reached XP level 3. HP: 18/35 MP: 3/3
  1368 | D:2      | Reached skill level 1 in Invocations
  1433 | D:2      | You fall into a shaft and drop 1 floor!
  1434 | D:3      | Found a bloodstained altar of Trog.
  2316 | D:3      | Found Ylopal's Armour Shop.
  2320 | D:3      | Reached skill level 1 in Short Blades
  2320 | D:3      | Reached skill level 1 in Long Blades
  2320 | D:3      | Reached skill level 1 in Maces & Flails
  2320 | D:3      | Reached skill level 1 in Polearms
  2320 | D:3      | Reached skill level 1 in Staves
  2320 | D:3      | Reached skill level 1 in Ranged Weapons
  2320 | D:3      | Reached skill level 1 in Throwing
  2320 | D:3      | Reached skill level 1 in Dodging
  2320 | D:3      | Reached skill level 1 in Stealth
  2320 | D:3      | Reached skill level 1 in Unarmed Combat
  2320 | D:3      | Reached skill level 1 in Spellcasting
  2320 | D:3      | Reached skill level 1 in Evocations
  2421 | D:3      | Reached XP level 4. HP: 41/41 MP: 5/5
  2462 | D:3      | Reached skill level 1 in Conjurations
  2462 | D:3      | Reached skill level 1 in Hexes
  2462 | D:3      | Reached skill level 1 in Summonings
  2462 | D:3      | Reached skill level 1 in Necromancy
  2462 | D:3      | Reached skill level 1 in Translocations
  2462 | D:3      | Reached skill level 1 in Transmutations
  2462 | D:3      | Reached skill level 1 in Fire Magic
  2462 | D:3      | Reached skill level 1 in Ice Magic
  2462 | D:3      | Reached skill level 1 in Air Magic
  2462 | D:3      | Reached skill level 1 in Earth Magic
  2462 | D:3      | Reached skill level 1 in Poison Magic
  2633 | D:3      | Reached XP level 5. HP: 32/47 MP: 5/7
  2848 | D:3      | Noticed Ijyb
  2855 | D:3      | Killed Ijyb
  3288 | D:3      | Found Ilapsir's Jewellery Emporium.
  3357 | D:4      | Noticed a black bear
  3426 | D:4      | Killed a black bear
  3427 | D:4      | Reached XP level 6. HP: 46/53 MP: 8/8
  3527 | D:4      | Reached skill level 5 in Axes
  3613 | D:4      | Gained mutation: You are robust. (+10% HP) [potion of
                  | mutation]
  3615 | D:4      | Slain by an orc priest

Illustrated notes

Levels and vault maps discovered:
D:1:      minmay_arrival_open_corners, layout_basic,
          shapermc_ecumenical_altar_hornbeckon, chequers_serial_rivers_marsh
D:2:      layout_basic, interstate_on_off
D:3:      layout_basic, trog_three_pillars_becter, serial_shops, shop,
          nicolae_lakefront_shop, hangedman_abyss_or_decor_stabs, uniq_ijyb
D:4:      layout_gridville, chequers_temple_overflow_minitemple, serial_shops,
          nicolae_shop_trees, corexii_checkpoint_b, minmay_ruptured,
          uniq_blork_the_orc, uniq_edmund

Skill      XL: |  1  2  3  4  5  6 |
---------------+-------------------+-----
Invocations    | 1 2 |  2.2
Short Blades   | 1 2 |  2.0
Long Blades    | 1 2 |  2.0
Maces & Flails | 1 2 |  2.0
Polearms       | 1 2 |  2.0
Staves         | 1 2 |  2.0
Ranged Weapons | 1 2 |  2.0
Throwing       | 1 2 |  2.0
Dodging        | 1 2 |  2.0
Stealth        | 1 2 |  2.0
Unarmed Combat | 1 2 |  2.0
Spellcasting   | 1 2 |  2.0
Evocations     | 1 2 |  2.0
Conjurations   | 1 |  1.5
Hexes          | 1 |  1.5
Summonings     | 1 |  1.5
Necromancy     | 1 |  1.5
Translocations | 1 |  1.5
Transmutations | 1 |  1.5
Fire Magic     | 1 |  1.5
Ice Magic      | 1 |  1.5
Air Magic      | 1 |  1.5
Earth Magic    | 1 |  1.5
Poison Magic   | 1 |  1.5
Axes           | 5 |  5.0
Fighting       | |  6.8
Armour         | |  6.8
Shields        | |  6.8

Action                   |  1- 3 |  4- 6 || total
-------------------------+-------+-------++-------
Melee: War axe           |   112 |    70 ||   182
       Bite              |     4 |     6 ||    10
  Use: Potion            |       |     4 ||     4
Armor: Scale mail        |    67 |    33 ||   100
       Skin              |       |     2 ||     2
Dodge: Dodged            |    62 |    36 ||    98
Block: Buckler           |    28 |    22 ||    50
